 Dungeon Crawl Stone Soup version 0.17-a0-744-gaa96792 (webtiles) character file.

74 xeno23 the Chiller (level 4, 0/30 HPs)
             Began as a Merfolk Ice Elementalist on Apr 21, 2015.
             Slain by a river rat zombie (4 damage)
             ... animated by a big kobold necromancer
             ... in a sewer.
             The game lasted 00:10:41 (2118 turns).

xeno23 the Chiller (Merfolk Ice Elementalist)       Turns: 2118, Time: 00:10:41

Health: 0/30       AC: 11    Str:  8    XL:     4   Next: 30%
Magic:  4/7        EV: 13    Int: 15    God:
Gold:   186        SH:  0    Dex: 14    Spells: 2 memorised, 3 levels left

rFire  . . .     SeeInvis .     g - +0 dagger
rCold  . . .     Clarity  .     a - +0 robe
rNeg   . . .     SustAb   .     (no shield)
rPois  .         Gourm    .     j - +1 hat
rElec  .         Spirit   .     d - +2 cloak
rCorr  .         Warding  .     (no gloves)
rMut   +         Stasis   .     (no boots)
MR     +....                    o - amulet of resist mutation
Stlth  ++........               (no ring)
                                k - ring of protection from magic

@: icy armour, somewhat resistant to hostile enchantments, unstealthy
A: change form in water, swift swim
a: no special abilities


You were in a sewer.
You were very hungry.

You visited 1 branch of the dungeon, and saw 3 of its levels.
You also visited: Sewer.

You collected 186 gold pieces.

Inventory:

Hand weapons
 g - a +0 dagger (weapon)
Missiles
 e - 24 poisoned needles
Armour
 a - a +0 robe (worn)
 d - a +2 cloak (worn)
 j - a +1 hat (worn)
Jewellery
 k - a ring of protection from magic (left hand)
 o - an amulet of resist mutation (around neck)
Magical devices
 t - a wand of flame (8)
Scrolls
 i - a scroll of identify
 n - a scroll of remove curse
Potions
 f - 3 potions of agility
 h - a potion of mutation {unknown}
 p - a potion of flight {unknown}
 q - a potion of haste {unknown}
 r - a potion of cancellation {unknown}
Books
 b - a book of Frost

   Spells                             Type                      Level
   a - Freeze                         Ice                          1
   b - Throw Frost                    Conjuration/Ice              2
   c - Ozocubu's Armour               Charms/Ice                   3
   d - Throw Icicle                   Conjuration/Ice              4
   e - Summon Ice Beast               Ice/Summoning                4
   f - Condensation Shield            Ice                          4
Comestibles
 c - 4 bread rations
 l - 2 chunks of flesh


   Skills:
 - Level 2.6 Dodging
 - Level 2.1 Stealth
 - Level 2.0 Spellcasting
   Level 0.7 Conjurations
 + Level 1.6 Charms
 + Level 5.1 Ice Magic


You had 3 spell levels left.
You knew the following spells:

 Your Spells              Type           Power        Failure   Level  Hunger
a - Freeze                Ice            ###.         2%          1    #......
x - Ozocubu's Armour      Chrm/Ice       ##......     21%         3    ###....


Dungeon Overview and Level Annotations

Branches:
Dungeon (3/15)

Altars:
Gozag
Kikubaaqudgha
Okawaru


Message History

You hit the rat zombie.
The rat zombie splashes around in the water.
The river rat zombie bites you!
* * * LOW HITPOINT WARNING * * *
You take 8 damage.
You are too injured to fight recklessly!
Your legs become a tail as you enter the water.
Casting: Freeze
Confirm with . or Enter, or press ? or * to list all spells.
A film of ice covers your body!
You hit the rat zombie. The rat zombie barely misses you.
You hit the rat zombie.
You destroy the rat zombie!
You hit the river rat zombie. The river rat zombie barely misses you.
Press: ? - help, v - describe, . - travel
Here: a river rat zombie The floor.
You hit the river rat zombie but do no damage.
The river rat zombie bites you.
You die...

#.≈≈..#######.≈..≈#
#.≈≈#'#≈≈...###.≈.#
#≈≈##≈.......≈##..#
#≈.#...........#.Z#
#≈≈#...........#≈.#
#≈.##...∩.....##≈.#
#...###.∩..≈###.≈.#
##...≈#######.≈≈.##
##≈..≈...Z@...≈##
##.≈.≈....≈≈≈##
###########+#


You could see a river rat zombie.

Vanquished Creatures
  2 adders (D:2)
  A worm (D:2)
  4 giant geckos
  2 ball pythons
  9 bats
  4 giant cockroaches
  3 goblins
  10 hobgoblins
  A quokka (D:2)
  3 giant newts (D:1)
  5 kobolds
  7 rats
51 creatures vanquished.

Notes
Turn   | Place    | Note
--------------------------------------------------------------
     0 | D:1      | xeno23, the Merfolk Ice Elementalist, began the quest for the Orb.
     0 | D:1      | Reached XP level 1. HP: 13/13 MP: 3/3
   393 | D:1      | Reached XP level 2. HP: 16/19 MP: 1/5
   449 | D:1      | Reached skill level 4 in Ice Magic
   684 | D:1      | Reached XP level 3. HP: 16/24 MP: 2/6
  1256 | D:1      | Learned a level 3 spell: Ozocubu's Armour
  1376 | D:2      | Found an opulent altar of Gozag.
  1430 | D:2      | Reached skill level 1 in Charms
  1430 | D:2      | Reached skill level 5 in Ice Magic
  1430 | D:2      | Reached XP level 4. HP: 26/30 MP: 5/7
  1884 | D:3      | Found an iron altar of Okawaru.
  1886 | D:3      | Found an ancient bone altar of Kikubaaqudgha.
  1930 | D:3      | Found a glowing drain.
  1943 | Sewer    | Entered a sewer
  1969 | Sewer    | Noticed a big kobold necromancer
  2118 | Sewer    | Slain by a river rat zombie

Action                   |  1- 3 |  4- 6 || total
-------------------------+-------+-------++-------
Melee: Unarmed           |    18 |       ||    18
       Dagger            |   104 |    88 ||   192
 Cast: Freeze            |    33 |    15 ||    48
       Ozocubu's Armour  |       |     2 ||     2
  Use: Scroll            |       |     6 ||     6
 Stab: Sleeping          |     6 |     4 ||    10
  Eat: Chunk             |     3 |     1 ||     4
